 Dungeon Crawl Stone Soup version 0.30-a0-1160-g6e42c06551 (webtiles) character file.

Game seed: 5532791995182538687

35 BubbleThief the Sneak (level 3, -6/22 HPs)
             Began as a Kobold Brigand on Apr 25, 2023.
             Mangled by an orc
             ... wielding a +0 flail
              (10 damage)
             ... on level 3 of the Dungeon.
             The game lasted 00:01:40 (987 turns).

BubbleThief the Sneak (Kobold Brigand)               Turns: 987, Time: 00:01:40

Health: -6/22      AC:  3    Str:  8    XL:     3   Next: 52%
Magic:  3/3        EV: 15    Int: 12    God:
Gold:   50         SH:  0    Dex: 18    Spells: 2/2 levels left

rFire   . . .        i - +1 short sword (elec)
rCold   . . .        (no shield)
rNeg    . . .        b - +0 robe
rPois   .            (no helmet)
rElec   .            c - +0 cloak
rCorr   .            (no gloves)
SInv    .            (no boots)
Will    .....        (no amulet)
Stlth   ++++         (no ring)
HPRegen 0.23/turn    (no ring)
MPRegen 0.08/turn

%: no passive effects
@: no status effects
A: small, no large weapons, nightstalker 3
a: no special abilities


You were on level 3 of the Dungeon.
You visited 1 branch of the dungeon, and saw 4 of its levels.

You collected 50 gold pieces.

Inventory:

Hand Weapons
 a - a +2 short sword of holy wrath
 i - a +1 short sword of electrocution (weapon)
Missiles
 d - 9 poisoned darts (quivered)
 e - 3 curare-tipped darts
Armour
 b - a +0 robe (worn)
 c - a +0 cloak (worn)
Scrolls
 f - a scroll of enchant armour {unknown}
 g - a scroll of identify {unknown}
 h - a scroll of butterflies {unknown}
 j - a scroll of enchant weapon {unknown}
 k - a scroll of amnesia {unknown}
 m - a scroll of poison {unknown}
Potions
 l - a potion of mutation {unknown}


   Skills:
 + Level 2.8 Fighting
 + Level 3.3 Short Blades
 - Level 2.1 Throwing
 + Level 2.2 Dodging
 + Level 5.7 Stealth


You had 2 spell levels left.
You didn't know any spells.
Your spell library was empty.

Dungeon Overview and Level Annotations

Branches:
Dungeon (4/15)
 Temple: D:4-7

Altars:


Innate Abilities, Weirdness & Mutations

You are small and have problems with some larger weapons.
You are completely attuned to the shadows.


Message History

The orc hits you with a +0 hand axe.
You hit the orc.
You kill the orc!
You barely miss the orc. The orc hits you with a +0 dagger.
You hit the orc but do no damage. The orc closely misses you.
The orc misses you.
You hit the orc but do no damage. You hit the orc but do no damage.
The orc barely misses you. x2
You completely miss the orc.
An orc comes into view. It is wielding a +0 club.
The orc hits you but does no damage. The orc misses you.
You closely miss the orc. The orc misses you. The orc barely misses you.
You barely miss the orc. The orc hits you with a +0 dagger.
The orc hits you with a +0 flail!
* * * LOW HITPOINT WARNING * * *
Found a stone staircase leading down.
The orc attacks as you move away! The orc hits you with a +0 dagger.
* * * LOW HITPOINT WARNING * * *
You completely miss the orc. The orc hits you with a +0 dagger.
* * * LOW HITPOINT WARNING * * *
You hit the orc.
The orc is severely wounded.
The orc barely misses you.
You barely miss the orc.
The orc is severely wounded.
You hit the orc.
You kill the orc!
You hit the orc but do no damage. The orc hits you but does no damage.
You barely miss the orc. The orc barely misses you.
You barely miss the orc. The orc misses you.
You hit the orc.
The orc is lightly wounded.
The orc closely misses you.
You hit the orc but do no damage.
The orc is lightly wounded.
The orc misses you.
You hit the orc.
The orc is heavily wounded.
The orc hits you with a +0 flail!
You die...

...# ## .....#
... .# .....#
##.# .### .....#
#..##....
...)o###.oo@....
....)#...###>...
.[....)..>.#####
####.......#
#.......#
#.......#
.).......


You could see 2 orcs.

Vanquished Creatures
  A dart slug (D:1)
  4 orcs (D:3)
  2 bats (D:1)
  2 endoplasms (D:1)
  A goblin (D:1)
  4 jackals (D:1)
  6 kobolds (D:1)
  2 quokkas (D:1)
  A frilled lizard (D:1)
  A rat (D:1)
24 creatures vanquished.

Notes
Turn   | Place    | Note
-------+----------+-------------------------------------------
     0 | D:1      | BubbleThief the Kobold Brigand began the quest for the Orb.
     0 | D:1      | Reached XP level 1. HP: 12/12 MP: 1/1
   162 | D:1      | Reached XP level 2. HP: 18/18 MP: 2/2
   582 | D:1      | Reached XP level 3. HP: 22/22 MP: 3/3
   950 | D:2      | You fall into a shaft and drop 2 floors!
   987 | D:3      | Mangled by an orc

Illustrated notes

Levels and vault maps discovered:
D:1:      dpeg_arrival_boxorama, layout_loops_ring
D:2:      layout_rooms, nicolae_wormholes
D:3:      layout_rooms, ebering_ecumenical_altar_petrified, uniq_terence
D:4:      layout_cave_pools, minitemple, minmay_manual_macuahuitl

Skill      XL: |  1  2 |
---------------+-------+-----
Short Blades   | 3 |  3.3
Dodging        | 2 |  2.2
Fighting       | |  2.8
Throwing       | |  2.1
Stealth        | |  5.7

Action                     || total
---------------------------++-------
  Melee: Dagger            ||    28
         Short sword       ||    64
         Punch             ||     1
  Throw: Dart              ||     1
   Stab: Sleeping          ||     5
 Armour: Robe              ||     9
  Dodge: Dodged            ||    60

Table legend: (Time is in decaauts)
 A = Elapsed time spent in this place.
 B = Non-inter-level travel time spent in this place.
 C = Inter-level travel time spent in this place.
 D = Time resting spent in this place.
 E = Time spent auto-exploring this place.
 F = Levels seen in this place.
 G = Mean time per level.
                   A        B        C        D        E       F      G
               +--------+--------+--------+--------+--------+-----+--------+
         Total |    972 |    948 |     24 |      0 |    782 |   4 |  243.0 |
       Dungeon |    972 |    948 |     24 |      0 |    782 |   4 |  243.0 |
               +--------+--------+--------+--------+--------+-----+--------+

Top non-repeatable levels by time:
     D:1: 907 daAuts
     D:2: 31 daAuts
     D:3: 29 daAuts
     D:4: 3 daAuts
